 Dungeon Crawl Stone Soup version 0.31-a0-799-g6bc09d010c (webtiles) character file.

Game seed: 467032503122438189

76 Pooter the Shooter (level 4, -4/42 HPs)
             Began as a Troll Hunter on Sept 19, 2023.
             Was a Believer of Lugonu.
             Killed from afar by Sigmund (6 damage)
             ... with a magic dart
             ... on level 2 of the Dungeon.
             The game lasted 00:06:41 (1298 turns).

Pooter the Shooter (Troll Hunter)                   Turns: 1298, Time: 00:06:42

Health: -4/42      AC:  4    Str: 19    XL:     4   Next: 12%
Magic:  3/3        EV: 10    Int:  5    God:    Lugonu [**....]
Gold:   36         SH:  0    Dex: 15    Spells: 3/3 levels left

rFire   . .          .
                       - Unarmed
rCold   . . .        (no shield)
rNeg    . . .        c - +0 robe
rPois   .            (helmet restricted)
rElec   .            (no cloak)
rCorr   +            (gloves unavailable)
SInv    .            (boots unavailable)
Will    .....        (no amulet)
Stlth   +            C - ring of resist corrosion
HPRegen 1.07/turn    (no ring)
MPRegen 0.08/turn

%: no passive effects
@: slowed, very slow
A: large, unfitting armour, claws 3, regeneration 1, shaggy fur 1, tough skin 1
a: Renounce Religion, Depart the Abyss, Banish


You were on level 2 of the Dungeon.
You worshipped Lugonu.
Lugonu was pleased with you.
You visited 1 branch of the dungeon, and saw 2 of its levels.

You collected 36 gold pieces.

Inventory:

Hand Weapons
 b - a +0 shortbow
Missiles
 Q - 10 stones
Armour
 c - a +0 robe (worn)
Jewellery
 C - a ring of resist corrosion (left claw)
   (You found it on level 2 of the Dungeon)
Scrolls
 d - a scroll of butterflies
 e - a scroll of teleportation {unknown}
 f - a scroll of identify {unknown}
Potions
 a - a potion of cancellation {unknown}
 g - 2 potions of lignification {unknown}


   Skills:
 + Level 2.0 Fighting
 * Level 3.1 Ranged Weapons
 - Level 1.5 Dodging
 - Level 0.3 Stealth
 * Level 2.1 Unarmed Combat
 + Level 0.8 Invocations


You had 3 spell levels left.
You didn't know any spells.
Your spell library was empty.

Dungeon Overview and Level Annotations

Branches:
Dungeon (2/15) Zot: 10685

Altars:
Lugonu

Annotations:
D:2 Natasha, Sigmund


Innate Abilities, Weirdness & Mutations

You are too large for most types of armour.
You have claws for hands.
Your natural rate of healing is unusually fast.
You are covered in fur. (AC +1)
You have tough skin. (AC +1)


Message History

You see here a scroll labelled OFFY GE QYUPSO.
You shoot an arrow. The arrow hits Sigmund.
Sigmund shouts!
Sigmund hits you with a +0 scythe. The bat hits you but does no damage.
Natasha casts a spell at you.
You feel yourself slow down.
You shoot an arrow. The arrow hits Sigmund.
The bat barely misses you.
Sigmund gestures wildly while chanting.
Sigmund flickers and vanishes!
Deactivating autopickup; reactivate with Ctrl-A.
Something hits you!
Natasha casts a spell.
You shoot an arrow. The arrow hits the bat.
The bat hits you but does no damage.
Natasha hisses.
Something hits you but does no damage.
Natasha stares at you and mumbles some strange words.
You feel as though you will be slow longer.
You shoot an arrow. The arrow misses the bat.
The bat barely misses you. x2
A hobgoblin comes into view.
The cerulean imp hits you from afar with a +1 spear.
Something hits you but does no damage.
Natasha stares at you and mumbles some strange words.
You resist with some effort.
The cerulean imp hits you from afar with a +1 spear.
You are now empty-clawed.
Natasha claws you. The bat hits you but does no damage.
You hear some strange, mumbled words.
A puff of flame appears from out of thin air!
The puff of flame hits you!
* * * LOW HITPOINT WARNING * * *
You scratch something but do no damage. The bat hits you but does no damage.
The cerulean imp hits you from afar with a +1 spear.
* * * LOW HITPOINT WARNING * * *
Natasha mumbles some strange words.
Something hits you!
* * * LOW HITPOINT WARNING * * *
The cerulean imp hits you from afar with a +1 spear.
* * * LOW HITPOINT WARNING * * *
Natasha casts a spell at you. You resist with some effort.
You closely miss something. Your claw misses something.
The bat closely misses you. The bat hits you.
* * * LOW HITPOINT WARNING * * *
The cerulean imp hits you from afar with a +1 spear.
* * * LOW HITPOINT WARNING * * *
You hear some strange, mumbled words.
A magic dart appears from out of thin air!
The magic dart hits you.
You die...

#......# #####..
#......# #.#
#......# #.#
####.### #.. #.##
### # #####..#
...#...##.#
........#g######
....b.{@h5......#
#
.......5.#.####..
### .........#..h
...
........#####.#
#. ...#...## .#
###. ## #### #
#... #.#. #.#.
.###...


You could see Natasha, 2 cerulean imps, a hobgoblin and a bat.

Vanquished Creatures
  An adder (D:2)
  A dart slug (D:1)
  5 endoplasms
  4 giant cockroaches
  4 goblins (D:1)
  9 hobgoblins
  10 jackals
  3 kobolds (D:1)
  3 quokkas
  4 ball pythons
  3 bats (D:1)
  4 frilled lizards (D:1)
  2 rats (D:1)
53 creatures vanquished.

Notes
Turn   | Place    | Note
-------+----------+-------------------------------------------
     0 | D:1      | Pooter the Troll Hunter began the quest for the Orb.
     0 | D:1      | Reached XP level 1. HP: 19/19 MP: 0/0
   141 | D:1      | Found a faded altar of an unknown god.
   153 | D:1      | Reached XP level 2. HP: 28/28 MP: 1/1
   155 | D:1      | Prayed at the altar of an unknown god.
   155 | D:1      | Became a worshipper of Lugonu the Unformed
   155 | D:1      | Reached * piety under Lugonu
   172 | D:1      | Reached skill level 1 in Unarmed Combat
   573 | D:1      | Reached skill level 3 in Ranged Weapons
   585 | D:1      | Reached XP level 3. HP: 35/35 MP: 2/2
   762 | D:1      | Reached ** piety under Lugonu
  1278 | D:2      | Reached XP level 4. HP: 42/42 MP: 3/3
  1289 | D:2      | Noticed Sigmund
  1290 | D:2      | Noticed Natasha
  1298 | D:2      | HP: 2/42 [cerulean imp/+1 spear[Natasha] (3)]
  1298 | D:2      | Killed from afar by Sigmund

Illustrated notes

Levels and vault maps discovered:
D:1:      heliophobic_arrival_dark_side_of_the_moon, layout_basic,
          shapermc_ecumenical_altar_totnotflames, chequers_mini_garden
D:2:      cheibrodos_old_hovel, layout_rooms, uniq_natasha, uniq_sigmund

Skill      XL: |  1  2  3 |
---------------+----------+-----
Unarmed Combat | 1 2 |  2.1
Ranged Weapons | 3 |  3.1
Fighting       | 2 |  2.0
Dodging        | |  1.5
Stealth        | |  0.3
Invocations    | |  0.8

Action                     |  1- 3 |  4- 6 || total
---------------------------+-------+-------++-------
  Melee: Unarmed           |    32 |     2 ||    34
   Fire: Shortbow          |    86 |     4 ||    90
 Armour: Robe              |    23 |    18 ||    41
  Dodge: Dodged            |    23 |     4 ||    27

Table legend: (Time is in decaauts)
 A = Elapsed time spent in this place.
 B = Non-inter-level travel time spent in this place.
 C = Inter-level travel time spent in this place.
 D = Time resting spent in this place.
 E = Time spent auto-exploring this place.
 F = Levels seen in this place.
 G = Mean time per level.
                   A        B        C        D        E       F      G
               +--------+--------+--------+--------+--------+-----+--------+
         Total |   1312 |   1269 |     43 |    298 |    737 |   2 |  656.0 |
       Dungeon |   1312 |   1269 |     43 |    298 |    737 |   2 |  656.0 |
               +--------+--------+--------+--------+--------+-----+--------+

Top non-repeatable levels by time:
     D:1: 915 daAuts
     D:2: 397 daAuts
